[Event "*** Titled Tuesday Blitz"]
[Site "Chess.com"]
[Date "2019.04.02"]
[Round "5"]
[White "olksuna"]
[Black "TregubovP"]
[Result "0-1"]
[WhiteElo "2511"]
[BlackElo "2519"]
[TimeControl "180+2"]
[EndTime "15:03:59 PDT"]
[Termination "TregubovP won by resignation"]

1. c4 c5 2. Nc3 Nc6 3. g3 g6 4. Bg2 Bg7 5. Nf3 e5 6. O-O d6 7. a3 Nge7 8. d3 O-O 9. Ne1 Be6 10. Nd5 Rb8 11. Rb1 b5 12. Nxe7+ Nxe7 13. cxb5 Rxb5 14.
b4 d5 15. Bg5 h6 16. Bxe7 Qxe7 17. Nc2 Rfb8 18. a4 R5b7 19. b5 a6 20. Ne3 Qd7 21. Qc2 axb5 22. Qxc5 Bf8 23. Qc2 bxa4 24. Rxb7 Rxb7 25.
Qa2 d4 26. Nd5 Kg7 27. e4 a3 28. f4 Rb2 29. Qa1 Qb5 30. f5 gxf5 31. Qd1 fxe4 32.
Nf6 Qxd3 33. Qh5 Qe3+ 34. Kh1 Qg5 35. Ne8+ Kg8 36. Nf6+ Kh8 37. Qd1 a2 38. Nxe4 Qg6 39. Qd3 Bd5 40. Qa3 Bxa3 0-1

[Event "*** Titled Tuesday Blitz"]
[Site "Chess.com"]
[Date "2019.04.02"]
[Round "5"]
[White "SabinaFoisor"]
[Black "melicg25"]
[Result "0-1"]
[WhiteElo "2165"]
[BlackElo "2305"]
[TimeControl "180+2"]
[EndTime "15:03:59 PDT"]
[Termination "melicg25 won by checkmate"]

1. d4 Nf6 2. Nf3 g6 3. Nbd2 Bg7 4. e4 d6 5. Be2 O-O 6. O-O c5 7. c3 cxd4 8. cxd4 Nc6 9. d5 Nb8 10. Re1 Bg4 11. h3 Bxf3 12. Bxf3 Nbd7 13. Nb3 Rc8 14. Be3 a6 15. Rc1 Rxc1 16. Qxc1 Qc8 17. Na5 Nc5 18. Bxc5 dxc5 19. a4 Nd7 20. b3 Ne5 21. Be2 b6 22. Nc4 Nd7 23. Ne3 f5 24. exf5 gxf5 25. Qc2 Ne5 26. Nc4 Nxc4 27. Bxc4 Qd7 28. d6+ Kh8 29.
dxe7 Re8 30. Qe2 Bf6 31. Qf3 Rxe7 32. Qa8+ Kg7 33. Qg8+ Kh6 34. Qf8+ Kg6 35. Rf1 Re8 36.
Qxe8+ Qxe8 37. Bxa6 Bd4 38. Bc4 f4 39. Kh1 f3 40. g3 Qe5 41. Kh2 Kg7 42. Bd3 Qd5 43. Bc4 Qe4 44. Kg1 Qf5 45. Kh2 Qc2 46. Kg1 Qd2 47. Bb5 Kf6 48. Bc4 h5 49. Bb5 Qc2 50.
h4 Qf5 51. Kh2 Qc2 52. Bc4 Bxf2 53. Kh3 Ke5 54. g4 hxg4+ 55. Kxg4 Qf5# 0-1

[Event "*** Titled Tuesday Blitz"]
[Site "Chess.com"]
[Date "2019.04.02"]
[Round "5"]
[White "MITerryble"]
[Black "VitaliyBernadskiy"]
[Result "0-1"]
[WhiteElo "2823"]
[BlackElo "2727"]
[TimeControl "180+2"]
[EndTime "15:04:00 PDT"]
[Termination "VitaliyBernadskiy won on time"]

1. d4 d5 2. Nf3 e6 3. c4 Ne7 4.
e3 g6 5. Bd3 Bg7 6. O-O O-O 7.
Nc3 b6 8. cxd5 exd5 9. a4 a5 10. b3 Nbc6 11. Ba3 Nb4 12. Rc1 c5 13. Be2 Bb7 14.
Nb5 Rc8 15. Qd2 Nf5 16. Na7 Rc7 17. Nb5 Rc8 18. Na7 Ra8 19. Nb5 Qe7 20. Rfd1 Rfe8 21. Bd3 Nxd3 22. Qxd3 Rec8 23. Rc2 Ba6 24. Rdc1 Qe4 25.
Qd1 Bxb5 26. axb5 Nd6 27. dxc5 Nxb5 28. cxb6 Rxc2 29. Qxc2 Qxc2 30. Rxc2 Rb8 31. Bc5 Bf8 32. Bxf8 Kxf8 33. Rc6 Ke7 34. Ne5 f6 35. Rxf6 Kxf6 36.
Nd7+ Ke6 37. Nxb8 Kd6 38. b7 Kc7 39. Nc6 Kxb7 40. Nxa5+ Kb6 41. b4 Nc3 42. Nb3 Kb5 43. Nd4+ Kxb4 0-1

[Event "*** Titled Tuesday Blitz"]
[Site "Chess.com"]
[Date "2019.04.02"]
[Round "5"]
[White "Manukyan_Artak"]
[Black "DanielMieles1985"]
[Result "0-1"]
[WhiteElo "2449"]
[BlackElo "2669"]
[TimeControl "180+2"]
[EndTime "15:04:01 PDT"]
[Termination "DanielMieles1985 won by resignation"]

1. e4 e5 2. Nf3 Nc6 3. d4 exd4 4. Nxd4 Bc5 5. Nxc6 bxc6 6. Bc4 d6 7. O-O Ne7 8. Qh5 O-O 9. Nc3 Ng6 10. Bg5 Qe8 11. Rae1 Rb8 12. b3 Qe5 13. Na4 Bb4 14. c3 Bxc3 15. Nxc3 Qxc3 16. Re3 Qe5 17. f4 Qc5 18. Re1 Nxf4 19. Qh4 Ng6 20. Qg3 Be6 21. Bf1 f6 22. Bf4 Nxf4 23. Qxf4 Qe5 24. Qf2 c5 25. h4 Rb4 26. Bd3 a5 27. Qc2 Ra8 28. Bc4 Bxc4 29. bxc4 Rb2 30. Qa4 Qe8 31. Qa3 Rb4 32.
Qd3 Qe6 33. Rg3 Re8 34. h5 h6 35. e5 fxe5 36. Re4 Qf5 37. Qe2 Rb1+ 38. Kh2 Rf8 39. Rh3 Rf1 40. Rg4 Qf2 41. Qe4 Qg1+ 42. Kg3 R1f5 43. Rg6 Qd4 44. Rh4 Qxe4 45. Rxe4 Rf4 46.
Rxf4 Rxf4 47. Re6 Kf7 0-1

[Event "*** Titled Tuesday Blitz"]
[Site "Chess.com"]
[Date "2019.04.02"]
[Round "5"]
[White "Kawhi_Leonard2"]
[Black "r31415"]
[Result "0-1"]
[WhiteElo "2209"]
[BlackElo "2344"]
[TimeControl "180+2"]
[EndTime "15:04:01 PDT"]
[Termination "r31415 won by resignation"]

1. e4 d6 2. d4 Nf6 3. Nc3 g6 4. Nf3 Bg7 5. Be2 O-O 6. O-O a6 7. a4 b6 8. Re1 e6 9. Bf4 Bb7 10.
Bf1 Nc6 11. Qd2 Re8 12. Bh6 Bh8 13. Bg5 Qb8 14. Rad1 Bg7 15. Qf4 Nd7 16. Qh4 f6 17. Bh6 Ne7 18. Bc4 d5 19. exd5 exd5 20. Rxe7 Rxe7 21.
Nxd5 Bxd5 22. Bxd5+ Kh8 23. Bxa8 Qxa8 24. Bxg7+ Kxg7 25. d5 Nc5 26. Qd4 Qe8 27. a5 Re4 28. Qc3 Qb5 29.
axb6 Rc4 30. bxc7 Rxc3 31. c8=Q Rxc2 32. Qc7+ Qd7 33. Qb6 Qb7 34. Qd6 Qd7 35. Qc6 Qb7 36. Re1 Qxb2 37. Re7+ Kh6 38. h4 Qc1+ 39. Kh2 Qf4+ 40.
g3 Qxf3 0-1

[Event "*** Titled Tuesday Blitz"]
[Site "Chess.com"]
[Date "2019.04.02"]
[Round "5"]
[White "Dedic8"]
[Black "RayRobson"]
[Result "0-1"]
[WhiteElo "2710"]
[BlackElo "2858"]
[TimeControl "180+2"]
[EndTime "15:04:03 PDT"]
[Termination "RayRobson won by resignation"]

1. e4 c5 2. Nf3 d6 3. d4 cxd4 4.
Nxd4 Nf6 5. Nc3 a6 6. f3 e5 7.
Nb3 Be6 8. Be3 Nbd7 9. Qd2 h5 10. Be2 b5 11. O-O Nb6 12. a4 b4 13. Na2 Nc4 14.
Bxc4 Bxc4 15. Rfd1 a5 16. Qf2 Rb8 17. Nd2 Be6 18. c4 bxc3 19. Nxc3 Be7 20. Nb5 O-O 21.
b3 d5 22. exd5 Nxd5 23. Nc4 Qc8 24. Rac1 Nxe3 25. Nxe3 Qa6 26. Nd5 Bxd5 27. Rxd5 Rbc8 28. Rcd1 Bf6 29. h4 Rc6 30. Kh2 Rfc8 31. Rd7 Rc2 32. Qg3 Qe6 33. R1d6 Qf5 34. Ra7 Qf4 35. Qxf4 exf4 36.
Rda6 Bxh4 37. Nd6 Bg3+ 38. Kh3 Rc1 0-1

[Event "*** Titled Tuesday Blitz"]
[Site "Chess.com"]
[Date "2019.04.02"]
[Round "5"]
[White "champ2005"]
[Black "maestroza"]
[Result "1-0"]
[WhiteElo "2800"]
[BlackElo "2482"]
[TimeControl "180+2"]
[EndTime "15:04:05 PDT"]
[Termination "champ2005 won on time"]

1. d4 Nf6 2. Nc3 d5 3. Bf4 a6 4. e3 e6 5. Nf3 c5 6. dxc5 Bxc5 7. Bd3 O-O 8. O-O Nc6 9. e4 d4 10. Ne2 h6 11. e5 Nd5 12. Bg3 b6 13. Be4 Bb7 14. Nexd4 Nxd4 15. Nxd4 Qc7 16. Re1 Rfd8 17. c3 Rd7 18. Qg4 Rad8 19. Rad1 Ne7 20. Bxb7 Qxb7 21. Nb3 Nf5 22. Rxd7 Rxd7 23. Qf3 Qc7 24. Bf4 Qd8 25. Qe2 a5 26. a4 Rd5 27. g4 Ne7 28.
Bg3 Qd7 29. Qe4 Rd3 30. Nxc5 bxc5 31. Qa8+ Kh7 32. Qe4+ Kg8 33. Qa8+ Kh7 34. Qxa5 Rd2 35. Qxc5 Rxb2 36. a5 Ra2 37. Qd6 Qa7 38. Qd3+ Kh8 39. Rb1 Rxa5 40. Qd8+ Kh7 41. Qd3+ Kh8 42. Qd8+ Kh7 43.
Qd1 Nd5 44. c4 Ne7 45. h4 Ra4 46. h5 Qa6 47. Rb8 Qxc4 48. Qd8 1-0

[Event "*** Titled Tuesday Blitz"]
[Site "Chess.com"]
[Date "2019.04.02"]
[Round "5"]
[White "GadimbayliA"]
[Black "GrigorGrigorov"]
[Result "1-0"]
[WhiteElo "2806"]
[BlackElo "2716"]
[TimeControl "180+2"]
[EndTime "15:04:10 PDT"]
[Termination "GadimbayliA won by resignation"]

1. e4 c6 2. Nf3 d5 3. exd5 cxd5 4.
Ne5 e6 5. d4 Nc6 6. Bb5 a6 7.
Nxc6 Qc7 8. Na7+ Bd7 9. Bxd7+ Qxd7 10. O-O Rxa7 11. Bf4 Nf6 12. Nd2 Be7 13. a4 O-O 14. c3 Raa8 15. Qe2 b5 16. Nf3 b4 17. cxb4 Bxb4 18. Rfc1 Bd6 19. Bxd6 Qxd6 20. Ne5 Rfc8 21. Rc2 Rxc2 22. Qxc2 Qb4 23. Rc1 h6 24. Nc6 Qb6 25.
b4 Ne4 26. f3 Nd6 27. Qc5 Qc7 28. b5 axb5 29. axb5 Nc8 30. Rb1 Qf4 31. b6 Ra2 32. Kh1 Qd2 33. Rg1 Rb2 34. b7 Rxb7 35. Nd8 Rb8 36. Qc7 Ra8 37. Qxf7+ Kh8 38. Nxe6 Ra7 39. Qe8+ Kh7 40. Nf8+ Kg8 41. Ne6+ Kh7 42. Qxc8 Qe3 43. Nf8+ Kg8 44. Qe6+ Qxe6 45. Nxe6 Kf7 46. Nf4 1-0

[Event "*** Titled Tuesday Blitz"]
[Site "Chess.com"]
[Date "2019.04.02"]
[Round "5"]
[White "Orest_Vovk"]
[Black "djogrodek1"]
[Result "0-1"]
[WhiteElo "2337"]
[BlackElo "2528"]
[TimeControl "180+2"]
[EndTime "15:04:11 PDT"]
[Termination "djogrodek1 won by checkmate"]

1. h4 c5 2. h5 Nc6 3. Nc3 d5 4.
e4 d4 5. Nce2 d3 6. Ng3 dxc2 7.
Qxc2 e6 8. Nf3 Bd7 9. d3 Rc8 10. a3 h6 11. Be2 Nf6 12. Bf4 Be7 13. Qd2 Na5 14. Bd1 Bb5 15. Bc2 Qb6 16. O-O Rd8 17. Qc3 Nc6 18. a4 Ba6 19. a5 Qb4 20. Rfd1 O-O 21. Ne5 Nxe5 22. Bxe5 Qxc3 23. Bxc3 Ng4 24.
d4 cxd4 25. Bxd4 Bf6 26. Bxa7 Bxb2 27. Bb6 Rc8 28. Bb3 Bxa1 29. Rxa1 Ne5 30. Bd1 Nc4 31.
Be2 Rc6 32. Bxc4 Rxc4 33. f3 f5 34. exf5 exf5 35. Re1 Rf7 36. Re8+ Kh7 37. Ne2 f4 38. Nd4 g6 39. hxg6+ Kxg6 40. Ne6 Rf6 41. Nc7 Rc1+ 42.
Kh2 Rf5 43. Kh3 Rh1+ 44. Kg4 h5# 0-1

[Event "*** Titled Tuesday Blitz"]
[Site "Chess.com"]
[Date "2019.04.02"]
[Round "5"]
[White "zurzan"]
[Black "europa2012"]
[Result "0-1"]
[WhiteElo "2031"]
[BlackElo "2110"]
[TimeControl "180+2"]
[EndTime "15:04:12 PDT"]
[Termination "europa2012 won by resignation"]

1. c4 e5 2. Nc3 Nc6 3. g3 Nf6 4. Bg2 Bc5 5. e3 d6 6. Nge2 O-O 7. O-O h6 8. d4 Bb6 9. d5 Ne7 10. b4 a6 11. a4 Rb8 12. a5 Ba7 13. b5 Bg4 14. h3 Bh5 15. Qa4 Nd7 16. Ba3 Nc5 17. Bxc5 Bxc5 18. g4 Bg6 19. Ne4 Ba7 20. N4g3 f5 21.
gxf5 Nxf5 22. Nxf5 Bxf5 23. Ng3 Qg5 24. Nxf5 Rxf5 25. Qc2 Rbf8 26. Qe4 R8f6 27. Qg4 Qxg4 28.
hxg4 Rg5 29. Bh3 h5 30. f3 Bxe3+ 31. Kg2 Bd4 32. Rab1 Bc3 33. bxa6 bxa6 34. Rb3 Bxa5 35. Ra3 Bb6 36. Rxa6 hxg4 37. Bxg4 e4 38. Kg3 e3 39. f4 Rgg6 40. f5 Rg5 41. Kh4 e2 42. Re1 Bf2+ 43. Kxg5 Bxe1 44. Ra2 Bd2+ 45. Rxd2 e1=Q 46.
Re2 Qc1+ 47. Kh4 Rh6+ 48. Kg3 Qg1+ 49. Kf3 Qf1+ 50. Ke3 Rh4 51. Bf3 Rh3 52. Rf2 Qe1+ 53. Re2 Qc3+ 0-1

[Event "*** Titled Tuesday Blitz"]
[Site "Chess.com"]
[Date "2019.04.02"]
[Round "5"]
[White "OparinGrigoriy"]
[Black "MatthewG-p4p"]
[Result "0-1"]
[WhiteElo "2960"]
[BlackElo "2682"]
[TimeControl "180+2"]
[EndTime "15:04:13 PDT"]
[Termination "MatthewG-p4p won by resignation"]

1. g3 c5 2. Bg2 Nc6 3. c4 g6 4. Nc3 Bg7 5. a3 d6 6. e3 e5 7. Nge2 Nge7 8. b4 Rb8 9. b5 Na5 10. d3 O-O 11. O-O Be6 12. e4 b6 13. f4 exf4 14. Bxf4 f5 15. Qc2 fxe4 16. Nxe4 Nf5 17.
Rae1 h6 18. g4 Nh4 19. Bxd6 Rxf1+ 20. Rxf1 Nxg2 21. Kxg2 Rb7 22. Nf4 Bf7 23. Nd5 Bxd5 24. cxd5 Rd7 25. Qe2 Nb7 26. Bg3 Rxd5 27. Nf6+ Bxf6 28.
Qe6+ Kg7 29. Rxf6 Qxf6 30. Qxd5 Qe7 31. Be5+ Kh7 32. h4 Nd8 33. h5 Ne6 34. Qe4 Qf7 35.
hxg6+ Qxg6 36. Qb7+ Kg8 37. Qc8+ Nf8 38. Qd7 Nxd7 0-1

[Event "*** Titled Tuesday Blitz"]
[Site "Chess.com"]
[Date "2019.04.02"]
[Round "5"]
[White "LimeInTheCoconut"]
[Black "mikhaillushenkov"]
[Result "0-1"]
[WhiteElo "2503"]
[BlackElo "2660"]
[TimeControl "180+2"]
[EndTime "15:04:15 PDT"]
[Termination "mikhaillushenkov won by resignation"]

1. e4 e6 2. d4 d5 3. exd5 exd5 4.
Nf3 Bd6 5. c4 dxc4 6. Bxc4 Ne7 7.
O-O O-O 8. h3 Bf5 9. Nc3 Nd7 10.
Nb5 Nb6 11. Nxd6 cxd6 12. Bb3 h6 13. Re1 Nbd5 14. Bd2 Rc8 15. Rc1 Qd7 16. Qe2 a6 17. Rxc8 Rxc8 18. Rc1 Rxc1+ 19. Bxc1 Be6 20. Bd2 Nc7 21.
Bc2 Ned5 22. Qd3 Nf6 23. b3 Bd5 24. Nh2 Be4 25. Qc3 Ncd5 26. Qb2 Bxc2 27. Qxc2 Qe6 28.
Nf1 Ne4 29. Be3 h5 30. Qc4 g6 31. a4 Kg7 32. b4 f5 33. Bc1 Nec3 34. Ne3 f4 35. Nxd5 Nxd5 36. Bd2 Kf6 37. b5 axb5 38. Qxb5 b6 39. Qd3 Qf5 40. Qb3 Qe4 41. Qb2 g5 42. f3 Qe2 43. Qb3 Ke6 44. Qb2 Qc4 45. Qb1 Qxd4+ 0-1

[Event "*** Titled Tuesday Blitz"]
[Site "Chess.com"]
[Date "2019.04.02"]
[Round "5"]
[White "Arystanner"]
[Black "Ginger_GM"]
[Result "0-1"]
[WhiteElo "2542"]
[BlackElo "2612"]
[TimeControl "180+2"]
[EndTime "15:04:16 PDT"]
[Termination "Ginger_GM won by resignation"]

1. e4 c5 2. Nf3 d6 3. d4 cxd4 4. Nxd4 Nf6 5. Nc3 g6 6. Be3 Bg7 7. f3 Nc6 8. Qd2 Bd7 9. O-O-O Rc8 10. g4 Ne5 11. h4 O-O 12. h5 Qa5 13. Kb1 Rxc3 14.
Qxc3 Qxc3 15. bxc3 Nxf3 16. h6 Bh8 17. Nxf3 Bxg4 18. Be2 Nxe4 19. Bd2 Nf2 20. Rhf1 Nxd1 21. Bxd1 Rc8 22. Nd4 Bxd1 23. Rxd1 f5 24. Bg5 Kf7 25. Re1 Bf6 26. Bxf6 Kxf6 27. Re6+ Kf7 28. Kb2 Rc5 29. a4 Re5 30. Rxe5 dxe5 31. Nf3 Kf6 32. a5 g5 33. a6 b6 34. Kc1 g4 35. Nd2 g3 36.
Kd1 g2 37. Nf3 e4 38. Ng1 f4 39. Ke2 f3+ 40. Kf2 Kg5 41. Ke3 Kxh6 42. c4 Kg6 43. Nh3 Kf5 44. Kf2 h6 45. c3 Kg4 46. Ng1 h5 47. c5 bxc5 48. c4 h4 49. Nh3 Kxh3 50. Kg1 Kg4 51. Kh2 e3 52. Kg1 e2 53. Kh2 e5 0-1

[Event "*** Titled Tuesday Blitz"]
[Site "Chess.com"]
[Date "2019.04.02"]
[Round "5"]
[White "Satscho"]
[Black "hellokostya"]
[Result "0-1"]
[WhiteElo "2305"]
[BlackElo "2500"]
[TimeControl "180+2"]
[EndTime "15:04:17 PDT"]
[Termination "hellokostya won by resignation"]

1. e4 e5 2. Nf3 Nc6 3. d4 exd4 4. Nxd4 Nf6 5. Nxc6 bxc6 6. e5 Qe7 7. Qe2 Nd5 8.
c4 Nb6 9. Nc3 Bb7 10. Qe4 O-O-O 11. Bd3 d5 12. cxd5 cxd5 13. Qf5+ Qe6 14. O-O Be7 15. Nb5 Kb8 16. Qxe6 fxe6 17. Nd4 Nd7 18. Nxe6 Rdg8 19. f4 g5 20. f5 Nxe5 21. f6 Bxf6 22. Rxf6 Nxd3 23. Bxg5 d4 24. g3 Ne5 25. Bf4 Nf3+ 26. Kf2 Nxh2 27. Bxc7+ Ka8 28. Rf7 Bd5 29. Re7 Ng4+ 30. Ke2 Bc4+ 31. Kd2 Bxe6 32. Rxe6 Kb7 33. Bf4 Re8 34. Rh6 Nxh6 35. Bxh6 Re6 36. Bf4 Rhe8 37. Rh1 Re2+ 38. Kd3 Rxb2 39. Rxh7+ Ka6 40. a3 Rb3+ 41. Kxd4 Rxa3 42. Rh6+ Kb5 43. Rh5+ Ka4 44. Rh7 a5 45. Kc4 Rc8+ 46. Bc7 Rxg3 47. Kd5 Rg5+ 48. Be5 Re8 49. Rh4+ Kb5 0-1

[Event "*** Titled Tuesday Blitz"]
[Site "Chess.com"]
[Date "2019.04.02"]
[Round "5"]
[White "bugsbunny444"]
[Black "BlueWizzard"]
[Result "1-0"]
[WhiteElo "2494"]
[BlackElo "2696"]
[TimeControl "180+2"]
[EndTime "15:04:19 PDT"]
[Termination "bugsbunny444 won by resignation"]

1. Nf3 Nf6 2. c4 g6 3. b4 Bg7 4. Bb2 a5 5. b5 a4 6. g3 a3 7. Nxa3 c6 8. Bg2 O-O 9. O-O d6 10. d3 e5 11. Nd2 Bd7 12. Qb3 Qa5 13. Rfd1 Be6 14. Nc2 Nfd7 15. Qb4 Qc7 16. a4 Nc5 17.
Nb3 Nbd7 18. Nxc5 dxc5 19. Qb3 f5 20. Bc3 h5 21. Rdb1 h4 22. bxc6 bxc6 23. Qb7 Rfc8 24.
Qxc7 Rxc7 25. a5 Ra6 26. Ne1 hxg3 27. hxg3 Kf7 28. Ra3 Rca7 29. Nf3 Bf6 30. Nd2 e4 31. dxe4 Bxc3 32. Rxc3 Rxa5 33. exf5 gxf5 34. Bxc6 Ne5 35. Bd5 Ra2 36. Nf3 Bxd5 37. Nxe5+ Kf6 38. cxd5 Kxe5 39. Rxc5 Rxe2 40. Kf1 Raa2 41. Re1 Rxe1+ 42. Kxe1 Kd6 43. Rb5 Rc2 44. Kf1 Ke5 45. Kg2 Rc3 46. d6+ Ke6 47.
Rd5 Rc8 48. d7 Rd8 49. Rd4 Ke5 50. Rd2 Ke4 51. Rd1 Ke5 52. Kf3 f4 53. gxf4+ Kf5 54. Rd5+ Ke6 55. Rd4 Kf6 56. Kg4 Ke6 57. f5+ Kf7 58. Kf4 Kf6 59. Rd5 Rxd7 60. Re5 Rd4+ 61. Re4 Rd2 62. f3 Rd6 63. Re6+ Rxe6 64. fxe6 Kxe6 65. Kg5 Ke7 66. Kg6 Kf8 67. f4 Ke7 68. f5 Kf8 69. Kf6 Kg8 70. Ke7 Kg7 71. f6+ Kg8 72.
f7+ Kh7 73. f8=Q 1-0

[Event "*** Titled Tuesday Blitz"]
[Site "Chess.com"]
[Date "2019.04.02"]
[Round "5"]
[White "Gentlejimmy7"]
[Black "TST2014"]
[Result "0-1"]
[WhiteElo "2419"]
[BlackElo "2513"]
[TimeControl "180+2"]
[EndTime "15:04:19 PDT"]
[Termination "TST2014 won by resignation"]

1. d4 Nf6 2. Nf3 g6 3. g3 Bg7 4. Bg2 O-O 5. O-O d6 6. b3 e5 7. dxe5 dxe5 8. Bb2 Nc6 9. Nxe5 Qxd1 10. Rxd1 Ng4 11. Nd3 Nd4 12. Na3 Nxe2+ 13. Kf1 Nc3 14.
Re1 Nxh2+ 15. Kg1 Ng4 16. Nc4 c6 17. Nce5 Nxe5 18. Nxe5 Nd5 19. c4 Nb4 20. Re2 Re8 21. Rae1 Bf5 22. g4 Bd3 23. Nxd3 Rxe2 24. Rxe2 Nxd3 25.
Bxg7 Kxg7 26. Re7 Rb8 27. Bf1 Nc5 28. b4 Ne6 29. Rd7 Kf8 30. c5 Ke8 31. Rd6 Rd8 32. Rxd8+ Kxd8 33. Bc4 Ke7 34. Kh2 Nd4 35. Kh1 a6 36. Bd3 h6 37. Kg2 g5 38. Kg3 Ke6 39. f4 f6 40. Bc4+ Ke7 41. Bd3 Ne6 42. fxg5 fxg5 43. Kf3 Nc7 44. Ke4 Nd5 45. a3 Kf6 46.
Bc4 Nc7 47. Kd4 Ne6+ 48. Ke4 Nf4 49. Bf1 Ng6 50. Be2 Ne5 51. Kd4 Ke6 52. Ke4 Nd7 53. Bc4+ Kf6 54. Bd3 Nf8 55. Bc4 Ne6 56. Be2 Nc7 57.
a4 Nd5 58. Bxa6 bxa6 59. b5 axb5 60. axb5 Nc3+ 0-1

[Event "*** Titled Tuesday Blitz"]
[Site "Chess.com"]
[Date "2019.04.02"]
[Round "5"]
[White "julinha97"]
[Black "Nancy11111"]
[Result "1-0"]
[WhiteElo "2200"]
[BlackElo "2277"]
[TimeControl "180+2"]
[EndTime "15:04:20 PDT"]
[Termination "julinha97 won on time"]

1. e4 c5 2. Nf3 d6 3. d4 cxd4 4. Nxd4 Nf6 5. Nc3 a6 6. a3 g6 7. f3 Bg7 8. Be3 Nc6 9. Qd2 Nxd4 10. Bxd4 b5 11. g4 e5 12. Be3 Be6 13. g5 Nh5 14.
O-O-O Bf8 15. Nd5 Bxd5 16. Qxd5 Rc8 17. Kb1 Qc7 18. Rd2 Be7 19. Bh3 Rd8 20. Bg4 Nf4 21. Bxf4 exf4 22. h4 Qc5 23. h5 Bxg5 24. hxg6 fxg6 25.
Qe6+ Be7 26. Rxh7 Rxh7 27. Qg8+ Bf8 28. Qxh7 Qg5 29. Rd5 Qh6 30. Qc7 Be7 31. Qc6+ Kf7 32.
Qxa6 Qh1+ 33. Ka2 Qc1 34. Qc6 Bf6 35. Rxb5 Re8 36. Rb7+ Re7 37. Rxe7+ Kxe7 38. Qd7+ Kf8 39. Qxd6+ Kg7 40. e5 Bg5 41. Qc7+ Kf8 42. e6 Be7 43. Qc8+ Kg7 44. Qc7 Kf6 45. Qc3+ Kg5 46. Qe5+ Kh6 47. a4 Kh7 48. Qc7 1-0

[Event "*** Titled Tuesday Blitz"]
[Site "Chess.com"]
[Date "2019.04.02"]
[Round "5"]
[White "chessking2151"]
[Black "lucasran"]
[Result "1-0"]
[WhiteElo "2576"]
[BlackElo "2407"]
[TimeControl "180+2"]
[EndTime "15:04:21 PDT"]
[Termination "chessking2151 won by resignation"]

1. d4 Nf6 2. c4 e6 3. Nf3 b6 4. g3 Bb7 5. Bg2 Be7 6. O-O O-O 7. Re1 Na6 8. Nc3 Ne4 9. Nxe4 Bxe4 10. a3 c5 11. d5 exd5 12. cxd5 d6 13. Qa4 Bxf3 14. Bxf3 Nc7 15. Bf4 b5 16. Qc2 Bf6 17. Rad1 a5 18.
e4 Re8 19. Bg4 a4 20. e5 dxe5 21. Be3 c4 22. d6 Ne6 23. Qe4 Ra6 24. d7 Re7 25. Qb7 Ra8 26. Bb6 Qf8 27. Bxe6 Rxe6 28. Qxa8 Qxa8 29. d8=Q+ Bxd8 30. Rxd8+ Qxd8 31. Bxd8 f6 32. Ba5 Rd6 33. Bc3 Kf7 34. Kf1 Rd3 35. Ke2 Rd5 36. Rd1 Rxd1 37. Kxd1 Ke6 38. Bb4 g5 39. Kd2 g4 40. Ke2 Kd5 41. Ke3 h5 42. Bc3 f5 43.
f3 Ke6 44. f4 e4 45. Kd4 Kd6 46. Bb4+ Kc6 47. Ke5 e3 48. Kxf5 Kd5 49. Kg6 e2 50. f5 Kd4 51. f6 Kd3 52. f7 Kc2 53. f8=Q Kxb2 54. Qf2 1-0

[Event "*** Titled Tuesday Blitz"]
[Site "Chess.com"]
[Date "2019.04.02"]
[Round "5"]
[White "Bryakin_Mikhail"]
[Black "Jospem"]
[Result "1-0"]
[WhiteElo "2746"]
[BlackElo "2776"]
[TimeControl "180+2"]
[EndTime "15:04:22 PDT"]
[Termination "Bryakin_Mikhail won by resignation"]

1. d4 Nf6 2. c4 e6 3. g3 c5 4. d5 exd5 5. cxd5 d6 6. Nc3 g6 7. Bg2 Bg7 8. Nf3 O-O 9. O-O a6 10. a4 Nbd7 11. Re1 Rb8 12. Bf4 Qe7 13. e4 Ng4 14. Bg5 f6 15. Bd2 Nge5 16. Qc2 Nxf3+ 17. Bxf3 Ne5 18. Be2 f5 19. f4 Nf7 20. Bf3 fxe4 21.
Nxe4 Qd8 22. Bc3 Bxc3 23. Qxc3 Nh6 24. b4 b6 25. a5 Nf5 26. axb6 cxb4 27. Qxb4 Rxb6 28.
Qc3 Rb5 29. Kh1 h6 30. Rab1 Bd7 31. Rxb5 Bxb5 32. Kg2 Kh7 33. h4 Ng7 34. Qb4 Nf5 35.
h5 g5 36. fxg5 hxg5 37. Bg4 Nh6 38. Be6 Bd3 39. Qd4 Bxe4+ 40. Qxe4+ Kg7 41. Qg6+ 1-0

[Event "*** Titled Tuesday Blitz"]
[Site "Chess.com"]
[Date "2019.04.02"]
[Round "5"]
[White "beatles_22"]
[Black "Alexander_Donchenko"]
[Result "1-0"]
[WhiteElo "2656"]
[BlackElo "2830"]
[TimeControl "180+2"]
[EndTime "15:04:24 PDT"]
[Termination "beatles_22 won by resignation"]

1. e4 c6 2. d4 d5 3. Nc3 dxe4 4. Nxe4 Nf6 5. Nxf6+ exf6 6. c3 Bd6 7. Nf3 O-O 8.
Be2 Re8 9. O-O Bf5 10. Bd3 Bxd3 11. Qxd3 Nd7 12. Bd2 Nf8 13. Rfe1 Qb6 14. b3 Ng6 15. g3 Ne7 16. Re2 Ng6 17. Rae1 Rxe2 18. Rxe2 Bf8 19.
h4 Ne7 20. c4 a5 21. a4 Rd8 22. Be3 Qc7 23. Nd2 Qd7 24. Ne4 Nf5 25. Rd2 Re8 26. Bf4 Bb4 27. Rd1 h5 28. d5 cxd5 29. Qxd5 Qxd5 30.
Rxd5 Rxe4 31. Rxf5 Re1+ 32. Kg2 Rb1 33. Rxh5 Rxb3 34.
Bc7 Rc3 35. Bxa5 Rxc4 36. Bxb4 Rxb4 37. Rb5 Rxb5 38. axb5 Kf8 39. g4 Ke7 40. Kg3 Kd6 41.
h5 Ke5 42. f4+ Ke4 43. b6 Kd5 44. g5 fxg5 45. fxg5 Ke5 46. Kg4 Ke6 47. Kf4 f6 48. g6 Ke7 49. Kf5 Kf8 50. Ke6 Kg8 51. Kd6 Kf8 52.
Kc7 f5 53. Kxb7 f4 54. Ka7 f3 55. b7 1-0

[Event "*** Titled Tuesday Blitz"]
[Site "Chess.com"]
[Date "2019.04.02"]
[Round "5"]
[White "Miguelito"]
[Black "Artooooo"]
[Result "1-0"]
[WhiteElo "2642"]
[BlackElo "2714"]
[TimeControl "180+2"]
[EndTime "15:04:29 PDT"]
[Termination "Miguelito won by resignation"]

1. d4 Nf6 2. Nf3 g6 3. c4 c5 4. dxc5 Na6 5. g3 Nxc5 6. Bg2 Bg7 7. O-O O-O 8. Nc3 d6 9. Be3 Be6 10. b3 Qd7 11. Rc1 Bh3 12. Qd2 Bxg2 13. Kxg2 Qf5 14.
h3 h5 15. Rfd1 a6 16. Nd4 Qc8 17. f3 Rd8 18. Bf2 Qd7 19. e4 Rac8 20. Nd5 Qe8 21. Be3 b5 22. Nxf6+ Bxf6 23. cxb5 axb5 24. Qb4 Ra8 25. Rc2 Rdb8 26. Ne2 Rc8 27. Qd2 Ne6 28. Rdc1 Rxc2 29. Rxc2 Qd7 30. Nc3 Nc7 31. Bb6 b4 32. Nd5 Nxd5 33. Qxd5 Qe8 34. Qc4 Bc3 35. a4 bxa3 36.
Qxc3 a2 37. Rc1 Qb5 38. Bf2 Qe2 39. b4 Kh7 40. Ra1 Kg8 41. Qb3 Qa6 42. b5 Qb7 43. b6 h4 44. Rxa2 Rxa2 45. Qxa2 hxg3 46. Kxg3 Qxb6 47. Bxb6 1-0

[Event "*** Titled Tuesday Blitz"]
[Site "Chess.com"]
[Date "2019.04.02"]
[Round "5"]
[White "pedroholly22"]
[Black "Roenko_Artur"]
[Result "0-1"]
[WhiteElo "2256"]
[BlackElo "2288"]
[TimeControl "180+2"]
[EndTime "15:04:29 PDT"]
[Termination "Roenko_Artur won by checkmate"]

1. e4 e6 2. d4 d5 3. Nc3 Bb4 4. e5 c5 5. a3 Bxc3+ 6. bxc3 Ne7 7. Qg4 cxd4 8. Qxg7 Rg8 9. Qxh7 Qc7 10. Ne2 Nbc6 11.
f4 dxc3 12. Qd3 d4 13. Nxd4 Nxd4 14. Qxd4 Bd7 15. Rg1 Nf5 16. Qf2 Qc6 17. Bd3 O-O-O 18. g4 Ne7 19. Qxa7 Nd5 20. Rb1 Nc7 21. Be3 Qf3 22. Rf1 Qg2 23. Bb6 Bc6 24. Rf2 Qh1+ 25. Bf1 Rd2 26. Bxc7 Qe4+ 27. Re2 Qxc2 28. Qb8+ Kd7 29.
Qxg8 Qxb1+ 30. Kf2 Kxc7 31. Qxf7+ Rd7 32. Qxe6 c2 33.
Rxc2 Qxc2+ 34. Kg3 Qc3+ 35. Kf2 Qd4+ 36. Kg3 Qe3+ 37. Kh4 Qf2+ 38. Kg5 Qxf1 39. f5 Qc1+ 40. Kg6 Qf4 41. h3 Qg3 42. Qf6 Qxh3 43. Kg5 Qe3+ 44.
Kg6 Qg3 45. Kg5 Qh3 46. e6 Rh7 47. e7 Qh4+ 48. Kg6 Rh6+ 49. Kg7 Qxf6+ 50. Kg8 Rh8# 0-1

[Event "*** Titled Tuesday Blitz"]
[Site "Chess.com"]
[Date "2019.04.02"]
[Round "5"]
[White "PelinGorki"]
[Black "ENEASZ"]
[Result "1-0"]
[WhiteElo "2531"]
[BlackElo "2425"]
[TimeControl "180+2"]
[EndTime "15:04:30 PDT"]
[Termination "PelinGorki won on time"]

1. e4 d6 2. d4 Nf6 3. Nc3 e5 4. Nf3 Nbd7 5. Rg1 g6 6. g4 Bg7 7. g5 Nh5 8. Be3 O-O 9. Qd2 c6 10. O-O-O b5 11. Be2 b4 12. Nb1 a5 13. Nh4 Nf4 14.
Bxf4 exf4 15. Qxf4 Qe7 16. Nf3 a4 17. h4 a3 18. b3 c5 19. Bc4 cxd4 20. h5 Ne5 21.
Bd5 Nxf3 22. Qxf3 Bb7 23. hxg6 hxg6 24. Rd3 Bxd5 25. exd5 Rac8 26. Nd2 Rfe8 27. Kd1 Rc3 28. Nc4 Qc7 29. Rxc3 dxc3 30. Re1 Rxe1+ 31. Kxe1 Qc5 32. Qe4 Bd4 33. Ne3 Bxe3 34. fxe3 Qb5 35. Kf2 Qc5 36. Qe8+ Kg7 37. Qe4 Kg8 38. Qd3 Qc8 39. Qe4 Qh3 40.
Qg2 Qf5+ 41. Ke1 Kg7 42. Kd1 Qe5 43. Ke2 f6 44. gxf6+ Qxf6 45. Kd3 Qe5 46. Kc4 Qxe3 47. Kxb4 Qd2 48. Qe4 1-0